Cogmind - Beta 13 @@@ ROGUE MODE // 2024.06.11 @ 21:05:44 Player: doughoff Result: Self-destructed Performance ------------- Evolutions (1) 500 Regions Visited (3) 600 Robots Destroyed (47) 235 Value Destroyed (915) 915 Prototype IDs (0) 0 Alien Tech Used (0) 0 Bonus (169) 169 TOTAL SCORE: 2419 Bonus ------- High Alert Combat Kills 54 Follower Combat Kills 133 Friendly Fire -18 Cogmind --------- Core Integrity 113/400 Matter 76/300 Energy 100/100 System Corruption 0% Temperature Cool (0) Movement Core (350) Ox6 Location -9/Materials Parts ------- > --- POWER (1) -------- (None) > --- PROPULSION (3) --- (None) > --- UTILITY (3) ------ Large Storage Unit > --- WEAPON (2) ------- (None) > --- INVENTORY (15) --- Light Nuclear Core Light Armor Plating Light Armor Plating Light Armor Plating Hardened Light Armor Plating Hacking Suite Peak State ------------ > --- POWER ------------ Light Nuclear Core > --- PROPULSION ------- Light Treads Light Treads Light Treads > --- UTILITY ---------- Large Storage Unit Sensor Array Hardened Light Armor Plating > --- WEAPON ----------- Assault Rifle Heavy Assault Rifle > --- INVENTORY -------- Ion Engine Light Nuclear Core Light Armor Plating Light Armor Plating Hardened Light Armor Plating Hardened Light Armor Plating Hacking Suite Assault Rifle Grenade Launcher Grenade Launcher [Rating: 14] Favorites ----------- Power Light Nuclear Core Engine Ion Engine Power Core Light Nuclear Core Propulsion Light Treads Treads Light Treads Utility Sensor Array Device Sensor Array Storage Large Storage Unit Protection Hardened Light Armor Plating Weapon Assault Rifle Energy Gun EM Pulse Gun Ballistic Gun Assault Rifle Launcher Grenade Launcher Build | -11 -10 -10 -9 ------- Run | Yrd Mat Min Mat Slots Evolved 2 | . . . 2 Power . | . . . . Propulsion 1 | . . . 1 Utility 1 | . . . 1 Weapon . | . . . . Parts Attached 31 | 8 10 2 11 Power 3 | 1 1 . 1 Engine 2 | 1 . . 1 Core 1 | . 1 . . Reactor . | . . . . Propulsion 9 | 2 4 . 3 Treads 9 | 2 4 . 3 Leg . | . . . . Wheel . | . . . . Hover . | . . . . Flight . | . . . . Utility 6 | 1 3 . 2 Device 1 | . 1 . . Storage 3 | 1 2 . . Processor . | . . . . Hackware . | . . . . Protection 2 | . . . 2 Artifact . | . . . . Weapon 13 | 4 2 2 5 Energy Gun 1 | 1 . . . Energy Cannon . | . . . . Ballistic Gun 9 | 3 2 1 3 Ballistic Cannon . | . . . . Launcher 3 | . . 1 2 Special Weapon . | . . . . Impact Weapon . | . . . . Slashing Weapon . | . . . . Piercing Weapon . | . . . . Special Melee Weapon . | . . . . Unidentified Prototypes . | . . . . Parts Lost 17 | . 1 1 15 Power 2 | . . . 2 Propulsion 6 | . 1 . 5 Utility 3 | . . . 3 Weapon 6 | . . 1 5 Highest Loss Streak 9 | . 1 1 9 To Critical Strikes . | . . . . Average Slot Usage (%) 95 | . 95 98 92 Engine 5 | . 11 . . Core 7 | . 2 14 9 Treads 28 | . 27 28 29 Device 11 | . 10 14 10 Storage 13 | . 14 14 11 Protection 2 | . . . 10 Ballistic Gun 20 | . 27 12 16 Launcher 5 | . . 14 4 Naked Turns . | . . . . Heaviest Build 37 | 13 30 31 37 Greatest Support 60 | 40 40 40 60 Greatest Overweight (x) 9 | . 4 . 9 Average Overweight (x) . | . . . . Largest Inventory Capacity 15 | 8 15 15 15 Average Capacity 13 | 7 11 15 15 Most Carried 15 | 4 10 15 14 Average Carried 9 | 2 7 10 10 Final Capacity 15 | 8 15 15 15 Final Carried 15 | 4 10 15 6 Class Distribution -------------------- 90% | Mutant 9% | Scavenger-Mutant Dominant Class ---------------- Mutant | -10/Materials Mutant | -10/Mines Mutant | -9/Materials Resources | -11 -10 -10 -9 ----------- Run | Yrd Mat Min Mat Matter Collected 1054 | 243 417 120 274 Remotely . | . . . . Salvage Created 1043 | . 492 64 487 Parts 87 | . 39 6 42 Haulers Intercepted 2 | . 1 . 1 Recyclers Shooed . | . . . . Parts Field Recycled . | . . . . Retrieved Matter . | . . . . Parts Self-Destructed . | . . . . Prevented . | . . . . Kills | -11 -10 -10 -9 ------- Run | Yrd Mat Min Mat Combat Hostiles Destroyed 32 | . 12 4 16 Guns 19 | . 12 1 6 AOE 13 | . . 3 10 Classes Destroyed 10 | . 6 . 4 Worker 6 | . 2 . 4 Builder 2 | . . . 2 Tunneler 1 | . . . 1 Hauler 2 | . 1 . 1 Recycler 1 | . 1 . . Operator 2 | . 1 . 1 Watcher 1 | . . . 1 Swarmer 16 | . 6 3 7 Grunt 12 | . 6 1 5 Sentry 4 | . . . 4 Best Kill Streak 6 | . 4 3 6 Combat Bots Only 4 | . 3 3 4 Max Kills in Single Turn 3 | . 2 3 3 Gunslinging . | . . . . Exploded 2 | . . 2 2 Melee . | . . . . Uniques/NPCs Destroyed . | . . . . Combat | -11 -10 -10 -9 -------- Run | Yrd Mat Min Mat Hostile Shots Fired 243 | . 80 9 154 Missed 69 | . 23 4 42 Damage Taken 2278 | . 597 84 1597 Core 413 | . 113 13 287 Absorbed by Shields . | . . . . Core Remaining (%) 74 | 100 . 49 . Volleys Fired 104 | . 48 4 52 Largest 2 | . 2 2 2 Hottest 53 | . 40 50 53 Shots Fired 201 | . 97 9 95 Gun 173 | . 97 5 71 Cannon . | . . . . Launcher 28 | . . 4 24 Special . | . . . . Kinetic 173 | . 97 5 71 Thermal . | . . . . Explosive 28 | . . 4 24 Electromagnetic . | . . . . Robot Hit Streak 15 | . 10 2 15 Robot Miss Streak 4 | . 4 1 2 Penetration Max . | . . . . Secondary Targets 1 | . 1 . . Max Gunslinging Chain 1 | . 1 . . Shots Hit Robots 122 | . 61 6 55 Core Hits 77 | . 27 5 45 Critical Kills . | . . . . Critical Parts Destroyed . | . . . . Critical Strikes . | . . . . Melee Attacks . | . . . . Impact . | . . . . Slashing . | . . . . Piercing . | . . . . Sneak Attacks . | . . . . Combat Hostiles . | . . . . Follow-up Attacks . | . . . . Damage Inflicted 2658 | . 790 253 1615 Guns 1482 | . 790 36 656 Cannons . | . . . . Explosions 1128 | . . 195 933 Melee . | . . . . Ramming 48 | . . 22 26 Kinetic 1482 | . 790 36 656 Thermal . | . . . . Explosive 1128 | . . 195 933 Electromagnetic . | . . . . Impact . | . . . . Slashing . | . . . . Piercing . | . . . . Highest Corruption 5 | . 5 5 . Average Corruption 4 | . 4 5 . Corruption Purged . | . . . . Corruption Blocked . | . . . . Effects 52 | . 33 19 . Message Errors 18 | . 11 7 . Matter Fused 13 | . 9 4 . Heat Flow Errors 7 | . 5 2 . Energy Discharges 4 | . 2 2 . Parts Fused 1 | . 1 . . Data Loss (minor) 5 | . 3 2 . Data Loss (major) 2 | . 1 1 . Misfires 2 | . 1 1 . Overload Shots . | . . . . Overflow Damage 20 | . . . 20 Projectiles . | . . . . Explosions 20 | . . . 20 Melee . | . . . . Knockbacks . | . . . . Impact . | . . . . Kinetic . | . . . . Secondary . | . . . . Self-Inflicted Damage 40 | . . 15 25 Shots 3 | . . 1 2 Rammed 8 | . . 5 3 Targets Rammed 8 | . . 5 3 Kicked . | . . . . Crushed . | . . . . Highest Temperature 270 | . 270 163 57 Average Temperature 42 | . 72 54 13 Received Heat Transfer 825 | . 186 36 603 Siege Activations . | . . . . Robots Corrupted . | . . . . Combat Hostiles . | . . . . Parts Fried . | . . . . Impact Corruptions . | . . . . Robots Melted . | . . . . Combat Hostiles . | . . . . Parts Melted . | . . . . Heat Transferred . | . . . . Parts Sabotaged . | . . . . Parts Stolen . | . . . . Parts Stripped . | . . . . Power Chain Reactions . | . . . . Alert | -11 -10 -10 -9 ------- Run | Yrd Mat Min Mat Peak Influence 620 | . 228 243 620 Initial 66 | . . 66 . Average 144 | . 105 98 279 Maximum Alert Level 2 | . 1 1 2 Low Security (%) 71 | 100 96 71 26 Level 1 20 | . 3 28 42 Level 2 7 | . . . 30 Level 3 . | . . . . Level 4 . | . . . . Level 5 . | . . . . High Security . | . . . . Max Security . | . . . . Squads Dispatched 10 | . 3 . 7 Investigation 3 | . 1 . 2 Extermination . | . . . . Reinforcement 7 | . 2 . 5 Assault . | . . . . Garrison . | . . . . Intercept . | . . . . Searches Triggered . | . . . . Construction Impeded 1 | . . . 1 Haulers Reinforced . | . . . . Active Scanning Responses . | . . . . Cargo Convoy Interrupts . | . . . . Stealth | -11 -10 -10 -9 --------- Run | Yrd Mat Min Mat Distress Signals 3 | . . . 3 Communications Jammed . | . . . . Distress Signals . | . . . . Times Spotted 60 | . 26 5 29 Peak Tracking Total 4 | . 4 3 4 Tactical Retreats 2 | . 1 . 1 Traps | -11 -10 -10 -9 ------- Run | Yrd Mat Min Mat Traps Triggered 8 | . 6 . 2 Indirectly . | . . . . Trap Hack Attempts . | . . . . Triggered . | . . . . Disarmed . | . . . . Reprogrammed . | . . . . Reused . | . . . . Traps Extracted . | . . . . Installed . | . . . . Triggered . | . . . . Machines | -11 -10 -10 -9 ---------- Run | Yrd Mat Min Mat Machines Disabled 6 | . . 3 3 Max in Single Turn 3 | . . 3 1 Machines Repaired . | . . . . Machines Dismantled . | . . . . Machines Sabotaged . | . . . . Overloaded Fab Kills . | . . . . Hacking | -11 -10 -10 -9 --------- Run | Yrd Mat Min Mat Machines Accessed 9 | . 3 . 6 Terminals 7 | . 2 . 5 Fabricators . | . . . . Repair Stations . | . . . . Recycling Units 2 | . 1 . 1 Scanalyzers . | . . . . Garrison Access . | . . . . Total Hacks 21 | . 6 . 15 Successful 10 | . 2 . 8 Failed 11 | . 4 . 7 Catastrophic 1 | . 1 . . Database Lockouts . | . . . . Manual 18 | . 4 . 14 Terminals 18 | . 4 . 14 Fabricators . | . . . . Repair Stations . | . . . . Recycling Units 3 | . 2 . 1 Scanalyzers . | . . . . Garrison Access . | . . . . Terminal Hacks 3 | . 1 . 2 Branch Access Points 2 | . 1 . 1 Maintenance Status 1 | . . . 1 Fabricator Hacks . | . . . . Repair Station Hacks . | . . . . Recycling Unit Hacks 2 | . 1 . 1 Report Inventory 2 | . 1 . 1 Scanalyzer . | . . . . Garrison Access Hacks . | . . . . Unauthorized Hacks 5 | . . . 5 Terminals 5 | . . . 5 Botnet 4 | . . . 4 Operators 1 | . . . 1 Fabricators . | . . . . Repair Stations . | . . . . Recycling Units . | . . . . Scanalyzers . | . . . . Garrison Access . | . . . . Data Cores Recovered . | . . . . Used . | . . . . Hacking Detections 4 | . 1 . 3 Full Trace Events 1 | . . . 1 Feedback Events . | . . . . Feedback Blocked . | . . . . Robot Schematics Acquired . | . . . . Robots Built . | . . . . Authchips . | . . . . Time . | . . . . Total Robot Build Rating . | . . . . Part Schematics Acquired . | . . . . Parts Built . | . . . . Authchips . | . . . . Time . | . . . . Total Part Build Rating . | . . . . Parts Repaired . | . . . . Time . | . . . . Parts Recycled . | . . . . Recycled Matter . | . . . . Retrieved Matter . | . . . . Retrieved Components . | . . . . Parts Scanalyzed . | . . . . Part Schematics Acquired . | . . . . Parts Damaged . | . . . . Bothacking | -11 -10 -10 -9 ------------ Run | Yrd Mat Min Mat Used RIF Installer . | . . . . Robots Hacked . | . . . . Non-combat . | . . . . Combat . | . . . . Robot Hacks Applied . | . . . . Relay Couplers Released . | . . . . Fabnet Peak Effective % . | . . . . Robots Rewired . | . . . . Allies Hacked . | . . . . Hacks Repelled . | . . . . Allies | -11 -10 -10 -9 -------- Run | Yrd Mat Min Mat Total Allies 3 | . . 3 . Largest Group 3 | . . 3 3 Highest-Rated Group 40 | . . 40 40 Highest-Rated Ally 16 | . . 16 16 Total Orders . | . . . . Ally Attacks 49 | . . . 49 Total Damage 489 | . . . 489 Kills 8 | . . . 8 Allies Corrupted . | . . . . Allies Melted . | . . . . Intel | -11 -10 -10 -9 ------- Run | Yrd Mat Min Mat Robot Analysis Total . | . . . . Derelict Logs Recovered 1 | . . 1 . Drone Launches . | . . . . Drone Recoveries . | . . . . Exploration | -11 -10 -10 -9 ------------- Run | Yrd Mat Min Mat Turns Passed 3445 | 95 1515 965 870 Spaces Moved 1824 | 55 768 586 415 Core 18 | 6 3 . 9 Treads 1806 | 49 765 586 406 Legs . | . . . . Wheels . | . . . . Hover . | . . . . Flight . | . . . . Fastest Speed 50 | 50 160 160 160 Average Speed 161 | 148 160 160 167 Slowest Speed 500 | 160 250 160 500 Overloaded Moves . | . . . . Propulsion Burnouts . | . . . . Robots Hopped . | . . . . Cave-ins Triggered . | . . . . Exploration Rate (%) 58 | 5 97 88 45 Regions Visited 3 Branch Regions 1 Pre-discovered Areas 1 | . . 1 . Known Exits Taken 1 | . 1 . . Unknown Exits Taken 2 | 1 . 1 . Scrap Searched 1 | . . 1 . Spaces Dug 5 | . . . 5 Terrain Destroyed 183 | . . 49 134 Melee . | . . . . Projectile . | . . . . AOE 183 | . . 49 134 Terrain Rammed . | . . . . Walls Destroyed . | . . . . Machines Disabled . | . . . . Actions | -11 -10 -10 -9 --------- Run | Yrd Mat Min Mat Total 2121 | 65 960 602 494 Wait 124 | . 116 . 8 Move 1821 | 54 767 585 415 Hop . | . . . . Pick Up 22 | 3 11 6 2 Fast Attach 11 | 6 4 . 1 Attach 10 | . 1 1 8 Detach . | . . . . Swap 10 | 2 5 1 2 Drop 11 | . 8 . 3 Fire 104 | . 48 4 52 Melee . | . . . . Ram . | . . . . Kick . | . . . . Crush 8 | . . 5 3 Escape Stasis . | . . . . Rewire . | . . . . Trap . | . . . . Miscellaneous . | . . . . Route ------- -11/Scrapyard -10/Materials (discovered 5 exits: *Mat x3 / *Min / [*Sub]) -10/Mines (discovered 2 exits: *Mat x2) -9/Materials (discovered 5 exits: [*Mat] / *Min x2 / *Sto x2) History --------- Turn | Location | Event 30 | -11/Scrapyard | Discovered new exit (range 16) 96 | -11/Scrapyard | Entered Materials 306 | -10/Materials | Build established: Mutant 382 | -10/Materials | Discovered new exit (range 6) 443 | -10/Materials | Discovered new exit (range 6) 874 | -10/Materials | Discovered new exit (range 15) 1067 | -10/Materials | Discovered new exit (range 7) 1155 | -10/Materials | Identified exit to Mines 1275 | -10/Materials | Discovered new exit (range 7) 1611 | -10/Materials | Entered Mines 1615 | -10/Mines | Joined a pair of Derelicts in attacking an 0b10 outpost 1625 | -10/Mines | Core integrity fell below 50% 1633 | -10/Mines | Met a Derelict bent on vengeance 1681 | -10/Mines | Assisted by bots powering up and referring to "LRC-V3" 1724 | -10/Mines | Learned location of Zion (-6) 1737 | -10/Mines | Discovered new exit (range 4) 1856 | -10/Mines | Discovered new exit (range 8) 2576 | -10/Mines | Entered Materials 2576 | -9/Materials | Accompanied by 3 allies 2576 | -9/Materials | Evolved 2 slots: Propulsion x1, Utility x1 2630 | -9/Materials | Identified exit to Mines 2630 | -9/Materials | Identified exit to Storage 3252 | -9/Materials | Discovered new exit (range 15) 3267 | -9/Materials | Build established: Scavenger-Mutant 3378 | -9/Materials | Lost 5 parts (1p3n1w) 3428 | -9/Materials | Core integrity fell below 50% 3446 | -9/Materials | Self-destructed Last Messages --------------- 03418_ U-05 Engineer lays Concrete. 03421_ U-05 Engineer builds a Wall. 03422_ U-05 Engineer lays Concrete. 03424_ Hrd. Light Armor Plating destroyed. 03424_ U-05 Engineer lays Concrete. 03427_ Critical hit (Burn: +37). 03427_ U-05 Engineer lays Concrete. 03428_ M-13 Machinist repairs Y-45 Defender. 03428_ U-05 Engineer lays Concrete. 03430_ U-05 Engineer builds a Wall. 03431_ U-05 Engineer lays Concrete. 03431_ Grenade Launcher destroyed. 03431_ Critical hit (Burn: +37). 03432_ U-05 Engineer lays Concrete. 03433_ U-05 Engineer builds a Wall. 03435_ U-05 Engineer lays Concrete. 03437_ U-05 Engineer builds a Wall. 03438_ U-05 Engineer builds a Door. 03438_ U-05 Engineer lays Concrete. 03441_ U-05 Engineer builds a Wall. Map ----- +----------------------------------------------------+ | ??????????????????#"R + # " """ # # | | ??????????????????#""" # """ # """" # # | | ??????????????????#### # """ # """ # # | | ?????????????????????# # """ # + + | | ?????????????????????# # # # %# | | ?????????????????????# ####### # # | | ?????????????????????# #????## # # | | ?????????????????????# #?????########## # | | ?????????????????????# #?????????? # # | | ?????????????????????# #???????? # # | | ?????????????????????# #???????? # %# | | ?????????????????????# #??????? # | | ?????????????????????# #??????? + | | ?????????????????????# #??????? # | | ??????????##???####### #??????? # # | | ??????????# ? ## #????????? # # | | ??????????# ## #??????????? ?# + | | ??????????# """"""" ## #??????????????# # | | ??????????# """"""" ## ##??????????????? ? | | ??????????# "" """ *## k##?????????????????? | | ??????????# " " ## #??????????????????? | | ??????????# "" ! ##= ##?????????????????? | | ??????????# = ==## * ##?????????## ## ? | | ?????????###+####+### ########## ! # | | ???######## [!Y k k ! !%* | | ???# #u % *m @ T *% | | ???# # %= | | ???# = + u ####### ! ###+##### ## | | ???# # # ######## | | ???# # ######??????# "" ###?????? | | ???# ?# #???????????# [[ """ #???????? | | ???######?# #???????????# [[ S" #???????? | | ??????????# #???????????# """ #???????? | | ??????????# #???????????# """ #???????? | | ??????????+ #??????????? #???????? | | ??????????# #??????????# #???????? | | ??????????# #??????????# ########???????? | | ??????????# #??????????# ???????????????? | | ??????????# #??????????####???????????????? | | ?????????? #?????????????????????????????? | | ?????????? #?????????????????????????????? | | ?????????? +?????????????????????????????? | | ?????????? ??????????????????????????????? | | ?????????? < ??????????????????????????????? | | ????????????????????????????????????????????? | | ????????????????????????????????????????????? | | ????????????????????????????????????????????? | | ????????????????????????????????????????????? | | ????????????????????????????????????????????? | | ????????????????????????????????????????????? | +----------------------------------------------------+ Best States ------------- Heat Dissipation 28 Energy Generation 14 Energy Capacity 250 Matter Stores 300 Matter Capacity 300 Sight Range 16 Robot Scan Range 14 Terrain Scan Density 10 Armor Coverage 150 Evasion (%) 40 Recoil Reduction 3 Item Schematics ----------------- None Robot Schematics ------------------ None Fabricated ------------ Nothing Alien Tech Used ----------------- None Achievements -------------- None Challenges ------------ None Game ------ Seed FluxCoilMediator Manual? 0 Play Time 00:20:26 Cumulative 9.1 hours Start 2024.06.11 @ 20:45:26 End 2024.06.11 @ 21:05:44 Sessions 1 Manual Loads 0 Difficulty Rogue Special Mode None Game No. 16 Rogue 9 Adventurer 7 Explorer 0 Win Type - Total 0 Types 0/0/0/0/0/0/0/0/0 Lore% 5 Gallery% 13 Achievement% 16 Wizard Run 0 Options --------- Layout 0 ASCII 0 Keyboard 0 Movement Mouse Keybinds 0 Fullscreen 2 Font 24/Smallcaps Map View 113x50 Zoom Use 0% Tactical HUD 1 Map Filters NONE Filters NONE Steam 1 RUN: 883f7590-8031-479d-948b-8a1693502e90